 Dungeon Crawl Stone Soup version 0.21-a0-522-ga8338f0 (webtiles) character file.

27933 dvd the Basher (level 13, -12/67 HPs)
             Began as a Vine Stalker Gladiator on Dec 6, 2017.
             Was a High Priest of Nemelex Xobeh.
             Mangled by Rupert
             ... wielding a +1 battleaxe of draining
              (26 damage)
             ... on level 4 of the Lair of Beasts.
             The game lasted 01:16:45 (14021 turns).

dvd the Basher (Vine Stalker Gladiator)            Turns: 14021, Time: 01:16:46

Health: -12/67     AC: 17    Str: 18    XL:     13   Next: 35%
Magic:  0/30       EV: 14    Int: 11    God:    Nemelex Xobeh [*****.]
Gold:   1079       SH:  5    Dex: 17    Spells: 10/21 levels left

rFire    + . .     SeeInvis .   b - +7 flail (protect)
rCold    + . .     Gourm    .   t - +0 buckler
rNeg     . . .     Faith    .   l - +0 troll leather armour
rPois    +         Spirit   +   B - +2 hat
rElec    +         Reflect  .   h - scarf {rC+ rF+}
rCorr    .         Harm     .   J - +0 pair of gloves
MR       +....                  V - +2 pair of boots
Stlth    +++.......             d - amulet of rage
HPRegen  1.41/turn              Z - ring of magical power
MPRegen  0.22/turn              X - ring of poison resistance

@: protection aura, heavily drained
A: fangs 3, regeneration 2, electricity resistance, magic shield, antimagic
bite, no potion heal 3, rot immunity
a: Triple Draw, Deal Four, Stack Five, Renounce Religion, Evoke Berserk Rage


You were on level 4 of the Lair of Beasts.
You worshipped Nemelex Xobeh.
Nemelex Xobeh was extremely pleased with you.
You were not hungry.

You visited 3 branches of the dungeon, and saw 16 of its levels.
You also visited: Labyrinth and Volcano.

You collected 1079 gold pieces.

Inventory:

Hand Weapons
 a - a +2 long sword of draining
 b - a +7 flail of protection (weapon)
 w - the +5 dagger of Vanity {holy, Str+3}
   (You took it off a minotaur in a labyrinth)

   It has been blessed by the Shining One to cause great damage to the undead
   and demons.
   It affects your strength (+3).
Missiles
 I - 13 tomahawks (quivered)
Armour
 h - a scarf of resistance (worn)
 l - a +0 troll leather armour (worn)
 t - a +0 buckler (worn)
 B - a +2 hat (worn)
 J - a +0 pair of gloves (worn)
 V - a +2 pair of boots (worn)
Magical Staves
 S - an uncursed staff of power
Jewellery
 d - an amulet of rage (around neck)
 n - an uncursed ring of wizardry
 U - an uncursed ring of see invisible
 X - a ring of poison resistance (right hand)
 Z - a ring of magical power (left hand)
Wands
 p - a wand of polymorph (27)
 K - a wand of clouds (6)
 L - a wand of paralysis (20)
 O - a wand of flame (54)
 Q - a wand of iceblast (14)
 R - a wand of scattershot (2)
Scrolls
 i - 7 scrolls of remove curse
 q - 2 scrolls of magic mapping
 v - 4 scrolls of blinking
 y - 2 scrolls of amnesia
 C - 3 scrolls of fog
 D - 16 scrolls of identify
 E - 6 scrolls of teleportation
 W - 4 scrolls of summoning
Potions
 e - 3 potions of agility
 j - a potion of invisibility
 r - a potion of haste
 s - a potion of mutation
 u - 5 potions of resistance
 z - 3 potions of might
 N - 2 potions of cancellation
Books
 g - the Volume of Unstable Toxins
   (You found it in a labyrinth)

   Spells                             Type                      Level
   a - Sting                          Conjuration/Poison           1
   b - Beastly Appendage              Transmutation                1
   c - Mephitic Cloud                 Conjuration/Poison/Air       3
   d - Yara's Violent Unravelling     Hexes/Transmutation          5
   e - Alistair's Intoxication        Transmutation/Poison         5
 P - a book of Minor Magic

   Spells                             Type                      Level
   a - Magic Dart                     Conjuration                  1
   b - Blink                          Translocation                2
   c - Call Imp                       Summoning                    2
   d - Slow                           Hexes                        2
   e - Conjure Flame                  Conjuration/Fire             3
   f - Mephitic Cloud                 Conjuration/Poison/Air       3
Miscellaneous
 m - a legendary deck of destruction
 F - a legendary deck of destruction
 G - a plain deck of escape {drawn: 1}
 H - an ornate deck of escape {drawn: 2}
 M - an ornate deck of summoning {drawn: 5}
Comestibles
 f - 14 bread rations
 k - 6 royal jellies
 o - 4 meat rations
 A - 16 fruits


   Skills:
 + Level 7.2(5.4) Fighting
 + Level 5.3(3.6) Long Blades
 + Level 10.8(8.9) Maces & Flails
 + Level 2.3(0.8) Throwing
 + Level 4.2(2.5) Armour
 + Level 6.4(4.7) Dodging
 + Level 6.3(4.5) Stealth
 - Level 4.0(2.3) Shields
 + Level 4.9(3.2) Spellcasting
 + Level 0.6(0.0) Conjurations
 + Level 1.8(0.2) Charms
 + Level 1.2(0.0) Translocations
 + Level 3.2(1.6) Air Magic
 + Level 3.7(2.1) Poison Magic
 * Level 9.5(7.6) Invocations
 + Level 0.7(0.0) Evocations


You had 10 spell levels left.
You knew the following spells:

 Your Spells              Type           Power        Failure   Level  Hunger
a - Sting                 Conj/Pois      #...         24%         1    #......
b - Poisonous Vapours     Pois/Air       #.....       26%         2    ###....
c - Olgreb's Toxic Radia  Pois           #.......     83%         4    #####..
d - Blink                 Tloc           N/A          50%         2    ###....
e - Shroud of Golubria    Chrm/Tloc      #.........   47%         2    ###....


Dungeon Overview and Level Annotations

Branches:
Dungeon (11/15)            Temple (1/1) D:6            Lair (4/6) D:11
 Shoals (0/4) Lair:3       Spider (0/4) Lair:2          Orc (0/2) D:11

Altars:
Ashenzari
Cheibriados
Dithmenos
Elyvilon
Fedhas
Gozag
Hepliaklqana
Kikubaaqudgha
Makhleb
Nemelex Xobeh
Okawaru
Qazlal
Ru
Sif Muna
Trog
Uskayaw
Vehumet
Wu Jian
Xom
Yredelemnul
Zin
The Shining One

Shops:
D:4 *   D:5 *   D:8 :   D:9 }

Annotations:
Lair:4 Rupert


Innate Abilities, Weirdness & Mutations

You have razor-sharp teeth.
You heal very quickly.
When hurt, damage is shared between your health and your magic reserves.
Your bite disrupts and absorbs the magic of your enemies.
Potions cannot restore your health.
You are immune to rotting.
You are resistant to electric shocks. (rElec)


Message History

Rupert misses your quarterstaff of Oxkamak {vamp, Dex+2 Stlth+}.
Your quarterstaff of Oxkamak {vamp, Dex+2 Stlth+} hits Rupert.
Unknown command.
You hit Rupert.
Rupert is heavily wounded.
Your enchanted trident hits Rupert from afar!
Unknown command.
You thump Rupert!
Rupert is severely wounded.
Rupert hits you with a battleaxe of draining!!
* * * LOW HITPOINT WARNING * * *
You feel drained.
* * * LOW HITPOINT WARNING * * *
Rupert hits your enchanted trident with a battleaxe of draining!
Your enchanted trident hits Rupert!
Evoke which item? (* to show all) (? for menu, Esc to quit)
You draw a card...
It is Velocity.
Rupert seems to slow down.
Rupert hits you with a battleaxe of draining!!
You die...
Your body disappears without a glow.

**,,* *,....... #.,* *,.......
#.#* *## *,....... ***
**#**##..###.* **,.......
*,******,#.##......#* *,*.......
,,,,,,,,,..........### ***#......
,,,,,,,,,......##....### ###....
,,,,,,,,,..............# ##...
,,,,,,,,,......(@......### ##..
,,,,,,,,,.......@....#...### ##.
,,,,,,,,,.......(...#..#...## #.
,,,,,,,,,...........####....#####
,,,,,,,,,.........#P#
#.รทรท.....##
,,,,,,,,,.......##### #.......>..
****,,,,,.......* #..<....... *
*,***,##.P.#.* #..........
*******,,*,****** ##P........


You could see Rupert (berserk) and 2 friendly dancing weapons.

Vanquished Creatures
  A minotaur (Lab)
  2 hydras
  A two-headed ogre (D:11)
  3 elephants (Lair:4)
  A molten gargoyle (Volcano)
  9 gargoyles
  A spiny frog (Lair:3)
  2 komodo dragons
  2 trolls
  3 blink frogs (Lair:3)
  A minotaur skeleton (Lab)
  6 hippogriffs
  A meliai zombie (D:11)
  4 redbacks (Lab)
  30 yaks
  A fire elemental (Volcano)
  2 basilisks
  A human (Lair:2)
  2 hungry ghosts (Lab)
  4 porcupines
  4 water moccasins
  An ice beast (D:11)
  3 black bears
  A necrophage (D:8)
  3 orc warriors
  2 sky beasts
  An eye of draining (D:11)
  A phantom (D:4)
  11 ogres
  4 wolves (Lair:4)
  6 centaurs
  4 crocodiles
  A big kobold (D:11)
  A gnoll sergeant (D:5)
  6 bullfrogs
  A water moccasin skeleton (D:4)
  A scorpion (D:7)
  5 killer bees
  3 wights (D:8)
  3 howler monkeys
  3 crimson imps
  A quasit (D:10)
  2 jellies (Lair:1)
  3 bullfrog skeletons
  4 centaur skeletons
  2 orc priests
  An orc wizard (D:11)
  A gnoll shaman (D:9)
  2 iguanas
  6 worker ants
  A hound zombie (D:11)
  3 worker ant zombies
  A howler monkey zombie (D:7)
  9 gnolls
  9 adders
  4 river rats (D:8)
  2 oozes
  An adder zombie (D:2)
  An adder skeleton (D:9)
  A worm (D:3)
  4 dart slugs
  7 leopard geckos
  29 orcs
  2 ball pythons (D:1)
  6 giant cockroaches
  11 goblins
  9 hobgoblins
  12 jackals
  4 quokkas
  6 bats
  5 frilled lizards
  14 kobolds
  A leopard gecko zombie (D:6)
  21 rats
327 creatures vanquished.

Vanquished Creatures (collateral kills)
  A hydra (Lair:3)
  The ghost of mortelune the Nimble, a journeyman DECj of Vehumet (Lair:3)
  2 two-headed ogres (D:9)
  An unseen horror (D:11)
  Pikel (D:6)
  A cyclops (D:11)
  2 elephants (Lair:4)
  A gargoyle (D:11)
  A komodo dragon (Lair:1)
  A troll (D:11)
  6 blink frogs
  Grinder (D:3)
  2 wyverns
  A basilisk (Lair:1)
  4 yaks
  A hungry ghost (D:10)
  A steam dragon (D:11)
  Edmund (D:4)
  2 water moccasins
  2 porcupines (D:11)
  6 orc warriors
  An ice beast (D:7)
  An ogre (D:6)
  A wolf (Lair:4)
  2 big kobolds (D:11)
  A crocodile (Lair:4)
  3 bullfrogs
  A scorpion (D:8)
  3 killer bees (D:9)
  4 wights
  2 howler monkeys (D:11)
  A hound (D:9)
  A jelly (D:9)
  A gnoll shaman (D:4)
  3 orc wizards
  An iguana (D:8)
  5 orc priests
  2 worker ants
  An adder (D:2)
  A gnoll (D:4)
  A shadow imp (D:8)
  An adder zombie (D:8)
  2 leopard geckos
  10 orcs
  A goblin (D:2)
  2 quokkas
  11 kobolds (D:11)
  A quokka zombie (D:9)
  A plant (Lab)
104 creatures vanquished.

Vanquished Creatures (others)
  A human (D:3)
  An orc wizard (D:11)
  A killer bee zombie (D:6)
  A ball lightning (D:2)
  A quokka (D:7)
  20 fungi
  5 plants
30 creatures vanquished.

Grand Total: 461 creatures vanquished

Notes
Turn   | Place    | Note
-------+----------+-------------------------------------------
     0 | D:1      | dvd the Vine Stalker Gladiator began the quest for the Orb.
     0 | D:1      | Reached XP level 1. HP: 11/11 MP: 2/2
   345 | D:1      | Reached XP level 2. HP: 11/15 MP: 3/3
   801 | D:1      | Reached XP level 3. HP: 17/18 MP: 2/4
  1397 | D:2      | Found a faded altar of an unknown god.
  1422 | D:2      | Became a worshipper of Nemelex Xobeh the Trickster
  1422 | D:2      | Received a gift from Nemelex Xobeh
  1422 | D:2      | Received a gift from Nemelex Xobeh
  1422 | D:2      | Reached * piety under Nemelex Xobeh
  1565 | D:2      | Gained mutation: Your natural rate of healing is unusually fast. [Vine Stalker growth]
  1565 | D:2      | Reached XP level 4. HP: 23/23 MP: 5/5
  1565 | D:2      | Reached skill level 1 in Armour
  1958 | D:2      | Found an iron altar of Okawaru.
  2164 | D:3      | Received a gift from Nemelex Xobeh
  2353 | D:3      | Reached ** piety under Nemelex Xobeh
  2364 | D:3      | Noticed Grinder
  2370 | D:3      | Killed Grinder
  2370 | D:3      | Reached skill level 1 in Stealth
  2370 | D:3      | Reached skill level 1 in Invocations
  2370 | D:3      | Reached XP level 5. HP: 20/27 MP: 3/7
  2370 | D:3      | Reached XP level 6. HP: 23/31 MP: 3/8
  2481 | D:3      | Found an ancient bone altar of Kikubaaqudgha.
  2484 | D:3      | Noticed a human
  2486 | D:3      | Killed a human
  2731 | D:3      | Received a gift from Nemelex Xobeh
  2932 | D:4      | Noticed Edmund
  2951 | D:4      | Killed Edmund
  3055 | D:4      | Found Zin's Purification Station.
  3058 | D:4      | Found a glowing silver altar of Zin.
  3068 | D:4      | Noticed a phantom
  3096 | D:4      | Killed a phantom
  3096 | D:4      | Reached skill level 5 in Long Blades
  3096 | D:4      | Reached XP level 7. HP: 29/35 MP: 9/9
  3390 | D:4      | Received a gift from Nemelex Xobeh
  3400 | D:4      | Reached skill level 1 in Maces & Flails
  3614 | D:4      | Reached skill level 2 in Maces & Flails
  3640 | D:5      | Entered Level 5 of the Dungeon
  3642 | D:5      | Found Gozag's Platinum Reserve.
  3642 | D:5      | Reached *** piety under Nemelex Xobeh
  3643 | D:5      | Found an opulent altar of Gozag.
  3784 | D:5      | Gained mutation: You have razor-sharp teeth. [Vine Stalker growth]
  3784 | D:5      | Reached XP level 8. HP: 40/40 MP: 11/11
  4023 | D:5      | Reached skill level 3 in Maces & Flails
  4389 | D:5      | Learned a level 1 spell: Sting
  4392 | D:5      | Found a basalt altar of Yredelemnul.
  4597 | D:6      | Received a gift from Nemelex Xobeh
  4671 | D:6      | Reached skill level 4 in Maces & Flails
  4831 | D:6      | Noticed Pikel
  4835 | D:6      | Noticed an orange demon
  4839 | D:6      | Killed Pikel
  4839 | D:6      | Reached skill level 1 in Shields
  5064 | D:6      | Found a staircase to the Ecumenical Temple.
  5076 | Temple   | Entered the Ecumenical Temple
  5250 | D:6      | Received a gift from Nemelex Xobeh
  5430 | D:6      | Reached XP level 9. HP: 45/45 MP: 11/13
  5679 | D:7      | Reached skill level 5 in Maces & Flails
  5774 | D:7      | Reached **** piety under Nemelex Xobeh
  5788 | D:7      | Found a white marble altar of Elyvilon.
  5955 | D:7      | Noticed a hornet
  6074 | D:7      | Received a gift from Nemelex Xobeh
  6212 | D:7      | Found a stormy altar of Qazlal.
  6387 | D:8      | Reached skill level 1 in Spellcasting
  6544 | D:8      | Found Ryxul's Book Boutique.
  6561 | D:8      | Reached skill level 5 in Invocations
  6582 | D:8      | Found a hide-covered altar of Uskayaw.
  6766 | D:8      | Learned a level 2 spell: Poisonous Vapours
  6883 | D:8      | Reached skill level 6 in Maces & Flails
  7044 | D:9      | Received a gift from Nemelex Xobeh
  7112 | D:9      | Noticed a two-headed ogre
  7114 | D:9      | Killed a two-headed ogre
  7114 | D:9      | Reached skill level 1 in Poison Magic
  7114 | D:9      | Reached XP level 10. HP: 51/51 MP: 15/15
  7294 | D:9      | Noticed a two-headed ogre
  7336 | D:9      | Killed a two-headed ogre
  7336 | D:9      | Reached skill level 5 in Fighting
  7336 | D:9      | Reached skill level 7 in Maces & Flails
  7405 | D:9      | Found Nyjax's Gadget Emporium.
  7501 | D:9      | Found an ornate altar of the Wu Jian Council.
  7646 | D:9      | Reached skill level 1 in Air Magic
  7727 | D:10     | Entered Level 10 of the Dungeon
  7951 | D:10     | Reached skill level 8 in Maces & Flails
  7985 | D:10     | Reached XP level 11. HP: 42/56 MP: 17/17
  8010 | D:10     | Gained mutation: You are resistant to electric shocks. (rElec) [potion of mutation]
  8149 | D:10     | Received a gift from Nemelex Xobeh
  8617 | D:11     | Reached skill level 5 in Stealth
  8655 | D:11     | Received a gift from Nemelex Xobeh
  8809 | D:11     | Reached ***** piety under Nemelex Xobeh
  8861 | D:11     | Noticed an unseen horror
  8871 | D:11     | Killed an unseen horror
  8881 | D:11     | Noticed a cyclops
  8890 | D:11     | Killed a cyclops
  8890 | D:11     | Reached skill level 5 in Dodging
  9033 | D:11     | Learned a level 4 spell: Olgreb's Toxic Radiance
  9076 | D:11     | Reached skill level 9 in Maces & Flails
  9154 | D:11     | Received a gift from Nemelex Xobeh
  9194 | D:11     | Found a staircase to the Orcish Mines.
  9259 | D:11     | Noticed a two-headed ogre
  9286 | D:11     | Killed a two-headed ogre
  9713 | D:11     | Gained mutation: You heal very quickly. [Vine Stalker growth]
  9713 | D:11     | Reached XP level 12. HP: 43/61 MP: 19/19
  9780 | D:11     | Found a staircase to the Lair.
  9919 | Lair:1   | Entered Level 1 of the Lair of Beasts
  9955 | Lair:1   | Received a gift from Nemelex Xobeh
 10418 | Lair:1   | Received a gift from Nemelex Xobeh
 10785 | Lair:2   | Found a dark tunnel.
 10823 | Volcano  | Entered a volcano
 11185 | Lair:2   | Received a gift from Nemelex Xobeh
 11327 | Lair:2   | Found a hole to the Spider Nest.
 11336 | Lair:2   | Learned a level 2 spell: Blink
 11339 | Lair:2   | Learned a level 2 spell: Shroud of Golubria
 11776 | Lair:3   | Found a basalt altar of Yredelemnul.
 11780 | Lair:3   | Received a gift from Nemelex Xobeh
 12007 | Lair:3   | Found a staircase to the Shoals.
 12007 | Lair:3   | Received a gift from Nemelex Xobeh
 12093 | Lair:3   | Noticed an eight-headed hydra
 12103 | Lair:3   | Killed an eight-headed hydra
 12103 | Lair:3   | Reached skill level 10 in Maces & Flails
 12191 | Lair:3   | Received a gift from Nemelex Xobeh
 12193 | Lair:3   | Noticed mortelune's ghost (journeyman DECj)
 12203 | Lair:3   | Killed mortelune's ghost
 12668 | Lair:4   | Reached skill level 1 in Translocations
 12669 | Lair:4   | Reached skill level 1 in Charms
 12673 | Lair:4   | Noticed a five-headed hydra
 12678 | Lair:4   | Killed a five-headed hydra
 12678 | Lair:4   | Reached XP level 13. HP: 64/66 MP: 21/21
 12814 | Lair:4   | Found a labyrinth entrance.
 12829 | Lab      | Entered a labyrinth
 13192 | Lab      | Found an exit through the horrors of the Abyss.
 13592 | Lab      | Got a vibrating tin ring
 13598 | Lab      | Identified the ring of Pifimn {*Tele rPois} (You found it in a labyrinth)
 13612 | Lab      | Received a gift from Nemelex Xobeh
 13764 | Lab      | Noticed a minotaur
 13770 | Lab      | Killed a minotaur
 13775 | Lab      | Identified the Volume of Unstable Toxins
 13780 | Lab      | Got an uncursed twisted dagger {holy}
 13806 | Lab      | Identified the +5 dagger of Vanity {holy, Str+3} (You took it off a minotaur in a labyrinth)
 14012 | Lair:4   | Noticed Rupert
 14021 | Lair:4   | Mangled by Rupert

Vault maps used:
D:1:      dpeg_arrival_three_same_balls, hex_large
D:2:      lemuel_coloured_pillars_altar, chequers_ecumenical_altar_simple_redux,
          minmay_tall_x
D:3:      tgw_kikubaaqudgha, uniq_grinder
D:4:      zin_purify, first_bread, uniq_edmund
D:5:      kb_forest_paths, yredelemnul_altar_generic,
          nicolae_gozag_zags_fifth_avenue
D:6:      minmay_temple_entry_trees, minmay_strange_pillars, uniq_pikel
D:7:      elyvilon_altar_4, kennysheep_mini, grunt_ogre_cave, st_stairs_14
D:8:      basic_altar, serial_shops, nicolae_shop_statue_plus,
          dk_rats_in_the_wall
D:9:      kennysheep_little_box, serial_shops, shop
D:10:     kennysheep_generic_room_11
D:11:     grunt_lair_entry_orc_guard_hut, orc_0_dummy
Temple:   regret_index_temple_sphere_string
Lair:1:   nicolae_quartered_pool_little
Lair:2:   spider_nest_entry_rubble, nicolae_volcano_entry_two_sided,
          minmay_stone_trees_large, eino_small_chamber_without_monster
Lair:3:   elwin_shoals_entry_rocks, basic_altar
Lair:4:   special_room, lab_entry_generic, uniq_rupert
Lab:      nicolae_lab_dead_adventurers, nicolae_lab_diamond,
          nicolae_lab_very_dead_end, nicolae_lab_flowing_pool,
          nicolae_lab_hexagon, labyrinth_glass_1, nicolae_lab_plus,
          lab_fountain, nicolae_lab_arrow, labyrinth_skeletal_remains,
          labyrinth_fake_exit, lab_block
Volcano:  volcano_overflow

Skill      XL: |  1  2  3  4  5  6  7  8  9 10 11 12 13 |
---------------+----------------------------------------+-----
Long Blades    | 3 4 5 |  5.3
Fighting       | 2 3 4 5 6 7 |  7.2
Armour         | 1 2 3 4 |  4.2
Dodging        | 3 4 5 6 |  6.4
Stealth        | 1 2 4 5 6 |  6.3
Invocations    | 1 2 3 4 5 6 8 9 |  9.5
Maces & Flails | 2 4 6 8 9 10 | 10.8
Throwing       | 2 |  2.3
Shields        | 1 4 |  4.0
Spellcasting   | 1 3 4 |  4.9
Poison Magic   | 1 2 3 |  3.7
Air Magic      | 2 3 |  3.2
Translocations | 1 |  1.2
Charms         | 1 |  1.8
Conjurations   | |  0.6
Evocations     | |  0.7

Action                   |  1- 3 |  4- 6 |  7- 9 | 10-12 | 13-15 || total
-------------------------+-------+-------+-------+-------+-------++-------
Melee: Long sword        |    70 |   123 |       |     8 |       ||   201
       Bite              |    23 |    48 |    98 |   215 |    44 ||   428
       Flail             |       |    18 |   271 |   598 |    93 ||   980
Throw: Throwing net      |       |     2 |     3 |     1 |       ||     6
       Tomahawk          |       |       |     9 |       |       ||     9
 Cast: Sting             |       |       |    12 |     6 |       ||    18
       Poisonous Vapours |       |       |     1 |    50 |       ||    51
       Shroud of Golubri |       |       |       |     4 |       ||     4
Evoke: Deck              |     1 |    25 |    30 |    61 |    12 ||   129
       Wand              |       |       |       |     9 |     3 ||    12
  Use: Scroll            |       |       |    12 |    11 |       ||    23
       Potion            |       |       |       |    14 |       ||    14
 Stab: Sleeping          |       |     2 |     1 |     7 |       ||    10
       Distracted        |       |       |     1 |     5 |       ||     6
       Paralysed         |       |       |       |       |     3 ||     3
  Eat: Chunk             |     2 |     5 |    14 |    17 |     2 ||    40
       Meat ration       |       |       |       |     1 |       ||     1
       Bread ration      |       |       |       |       |     1 ||     1
Armor: Leather armour    |    23 |    37 |    81 |    46 |       ||   187
       Troll leather arm |       |       |       |   201 |    34 ||   235
Dodge: Dodged            |    59 |    92 |   188 |   497 |    58 ||   894
Block: Buckler           |       |    25 |    10 |    91 |    22 ||   148
       Rpst.: Long sword |    20 |    29 |       |       |       ||    49

Table legend:
 A = Spawn XP
 B = Non-spawn XP
 C = Spawn XP percentage of total XP
 D = Spawn monster count
 E = Non-spawn monster count
 F = Spawn count percentage of total count
 G = Total turns spent on level
                    A         B        C        D         E        F      G
               +---------+---------+-------+---------+---------+-------+---------
         Total |       0 |   39905 |   0.0 |       0 |     431 |   0.0 | 14021
               +---------+---------+-------+---------+---------+-------+---------
           D:1 |       0 |      39 |   0.0 |       0 |      20 |   0.0 |  1258
           D:2 |       0 |      80 |   0.0 |       0 |      23 |   0.0 |   837
           D:3 |       0 |     291 |   0.0 |       0 |      37 |   0.0 |   795
           D:4 |       0 |     717 |   0.0 |       0 |      21 |   0.0 |   750
           D:5 |       0 |     686 |   0.0 |       0 |      17 |   0.0 |   952
           D:6 |       0 |     716 |   0.0 |       0 |      11 |   0.0 |   803
           D:7 |       0 |     802 |   0.0 |       0 |      18 |   0.0 |   805
           D:8 |       0 |     971 |   0.0 |       0 |      45 |   0.0 |   674
           D:9 |       0 |    2894 |   0.0 |       0 |      35 |   0.0 |   687
          D:10 |       0 |    2920 |   0.0 |       0 |      36 |   0.0 |   815
          D:11 |       0 |    8816 |   0.0 |       0 |      83 |   0.0 |  1377
        Lair:1 |       0 |    2310 |   0.0 |       0 |      15 |   0.0 |   860
        Lair:2 |       0 |    1227 |   0.0 |       0 |       9 |   0.0 |   689
        Lair:3 |       0 |    5209 |   0.0 |       0 |      19 |   0.0 |   935
        Lair:4 |       0 |    5286 |   0.0 |       0 |      23 |   0.0 |   322
           Lab |       0 |    5508 |   0.0 |       0 |      15 |   0.0 |   993
       Volcano |       0 |    1433 |   0.0 |       0 |       4 |   0.0 |   303
               +---------+---------+-------+---------+---------+-------+---------
